 Dungeon Crawl Stone Soup version 0.18.1-50-g88ac8fd (webtiles) character file.

74 CplKlinger the Shield-Bearer (level 4, 0/40 HPs)
             Began as a Minotaur Fighter on Oct 10, 2016.
             Was an Initiate of Trog.
             Slain by a gnoll
             ... wielding a +0 spear
              (9 damage)
             ... on level 2 of the Dungeon.
             The game lasted 00:02:35 (1037 turns).

CplKlinger the Shield-Bearer (Minotaur Fighter)     Turns: 1037, Time: 00:02:36

Health: 0/40       AC:  7    Str: 20    XL:     4   Next: 9%
Magic:  3/3        EV:  8    Int:  5    God:    Trog [......]
Gold:   57         SH:  9    Dex: 11    Spells: 0 memorised, 3 levels left

rFire  . . .     SeeInvis .     a - +0 flail
rCold  . . .     Gourm    .     b - +0 scale mail
rNeg   . . .     Faith    .     c - +0 shield
rPois  .         Spirit   .     (helmet restricted)
rElec  .         Dismiss  .     (no cloak)
rCorr  .         Reflect  .     (no gloves)
SustAt .         Harm     .     (no boots)
MR     .....                    (no amulet)
Stlth  ..........               (no ring)
                                (no ring)

@: not resistant to hostile enchantments, extremely unstealthy
A: retaliatory headbutt, horns 2
a: Burn Spellbooks, Renounce Religion


You were on level 2 of the Dungeon.
You worshipped Trog.
Trog was noncommittal.
You were hungry.

You visited 1 branch of the dungeon, and saw 2 of its levels.

You collected 57 gold pieces.

Inventory:

Hand Weapons
 a - a +0 flail (weapon)
Armour
 b - a +0 scale mail (worn)
 c - a +0 shield (worn)
Scrolls
 i - a scroll of recharging
Potions
 d - a potion of might
 e - 2 potions of curing
 g - a potion of ambrosia {unknown}
 h - a potion of haste
 j - a potion of heal wounds
Comestibles
 f - a bread ration
 k - a beef jerky
 l - a meat ration


   Skills:
 + Level 4.2 Fighting
 + Level 2.8 Maces & Flails
 + Level 4.2 Armour
 + Level 1.5 Dodging
 + Level 4.4 Shields


You had 3 spell levels left.
You didn't know any spells.

Dungeon Overview and Level Annotations

Branches:
Dungeon (2/15)

Altars:
Okawaru
Trog


Innate Abilities, Weirdness & Mutations

You reflexively headbutt those who attack you in melee.
You have a pair of horns on your head.


Message History

The gnoll is heavily wounded.
The gnoll closely misses you. The gnoll hits you with a whip.
You block the gnoll's attack. The gnoll hits you but does no damage.
You hit the gnoll.
The gnoll is severely wounded.
The gnoll closely misses you. You furiously retaliate!
You headbutt the gnoll, but do no damage.
The gnoll hits you but does no damage.
The gnoll hits you from afar with a spear.
You barely miss the gnoll. You headbutt the gnoll.
You kill the gnoll!
Trog accepts your kill.
You have reached level 4!
You feel agile. The gnoll hits you but does no damage.
The gnoll hits you from afar with a spear.
* * * LOW HITPOINT WARNING * * *
The gnoll hits you but does no damage. The gnoll hits you with a spear!
You die...

#.# #.# #........# #.# #.#
#........# #.###.#
#........# #.#...#
#........# #.#.#######
#........# ## #.#.......#
#........# #.
#.#######.######††......###.
#..........g................
#>........g@................
#.#######.##################
#.# #.# ### #.# #.#
##########'###
#............#
#............#
#............#


You could see 2 gnolls.

Vanquished Creatures
  2 gnolls (D:2)
  An adder (D:2)
  A dart slug (D:1)
  8 bats
  3 giant cockroaches (D:2)
  3 goblins (D:1)
  4 hobgoblins
  7 jackals
  3 kobolds
  A ball python (D:2)
  2 giant newts
  4 rats
39 creatures vanquished.

Notes
Turn   | Place    | Note
--------------------------------------------------------------
     0 | D:1      | CplKlinger the Minotaur Fighter began the quest for the Orb.
     0 | D:1      | Reached XP level 1. HP: 19/19 MP: 0/0
   223 | D:1      | Reached XP level 2. HP: 25/27 MP: 1/1
   693 | D:2      | Reached XP level 3. HP: 22/33 MP: 2/2
   972 | D:2      | Found an iron altar of Okawaru.
   981 | D:2      | Found a bloodstained altar of Trog.
   988 | D:2      | Became a worshipper of Trog the Wrathful
  1032 | D:2      | Reached skill level 1 in Dodging
  1036 | D:2      | Reached XP level 4. HP: 13/40 MP: 3/3
  1037 | D:2      | Slain by a gnoll

Skill      XL: |  1  2  3 |
---------------+----------+-----
Shields        | 4 |  4.4
Fighting       | 4 |  4.2
Armour         | 4 |  4.2
Dodging        | 1 |  1.5
Maces & Flails | |  2.8

Action                   |  1- 3 |  4- 6 || total
-------------------------+-------+-------++-------
Melee: Flail             |    95 |       ||    95
       Headbutt          |    21 |       ||    21
  Use: Scroll            |     6 |       ||     6
       Potion            |     1 |       ||     1
Armor: Scale mail        |    82 |     2 ||    84
Dodge: Dodged            |    50 |       ||    50
Block: Shield            |    91 |       ||    91
